 Dungeon Crawl Stone Soup version 0.30-a0-1035-g38d5fb2972 (webtiles) character file.

Game seed: 7803268834495798985

41 DeathPants the Stinger (level 3, 0/28 HPs)
             Began as a Naga Venom Mage on Apr 8, 2023.
             Slain by Terence
             ... wielding a +0 flail
              (7 damage)
             ... on level 2 of the Dungeon.
             The game lasted 00:04:57 (1729 turns).

DeathPants the Stinger (Naga Venom Mage)            Turns: 1729, Time: 00:04:58

Health: 0/28       AC:  2    Str: 10    XL:     3   Next: 52%
Magic:  3/6        EV:  9    Int: 17    God:
Gold:   99         SH:  0    Dex: 11    Spells: 3/6 levels left

rFire   . . .      SeeInvis +    d - +1 short sword
rCold   . . .      Faith    .    (no shield)
rNeg    . . .      Spirit   .    a - +0 robe
rPois   +          Reflect  .    (no helmet)
rElec   .          Rampage  .    (no cloak)
rCorr   .                        (no gloves)
Will    .....                    (no barding)
Stlth   ++                       (no amulet)
HPRegen 0.24/turn                (no ring)
MPRegen 0.10/turn                (no ring)

@: very slow
A: AC +1, large, see invisible, deformed body, poison resistance, slowness 2,
spit poison 1, naga tail 1
a: Spit Poison


You were on level 2 of the Dungeon.
You visited 1 branch of the dungeon, and saw 3 of its levels.

You collected 99 gold pieces.

Inventory:

Hand Weapons
 d - a +1 short sword (weapon)
Missiles
 i - 2 poisoned darts
Armour
 a - a +0 robe (worn)
Potions
 b - a potion of magic
 c - a potion of degeneration {unknown}
 h - a potion of heal wounds


   Skills:
 - Level 1.5 Dodging
 + Level 4.1 Stealth
 - Level 2.0 Spellcasting
 - Level 1.0 Transmutations
 * Level 5.4 Poison Magic


You had 3 spell levels left.
You knew the following spells:

 Your Spells              Type           Power      Damage    Failure   Level
a - Sting                 Tmut/Pois      48%        1d5       5%          1
b - Poisonous Vapours     Pois/Air       20%        N/A       10%         2

Your spell library contained the following spells:

 Spells                   Type           Power      Damage    Failure   Level
 Mephitic Cloud           Conj/Pois/Air  7%         N/A       28%         3
 Inner Flame              Hex/Fire       1%         N/A       50%         3
 Olgreb's Toxic Radiance  Pois           20%        N/A       21%         4
 Yara's Violent Unravell  Hex/Tmut       1%         3d3       99%         5
 Enfeeble                 Hex            0%         N/A       100%        7


Dungeon Overview and Level Annotations

Branches:
Dungeon (3/15)

Altars:

Annotations:
D:2 Terence


Innate Abilities, Weirdness & Mutations

Your serpentine skin is tough. (AC +1)
You have supernaturally acute eyesight. (SInv)
Armour fits poorly on your strangely shaped body.
Your system is resistant to poisons. (rPois)
You cover ground very slowly.
You can spit poison.
You have a snake-like lower body.


Message History

You hit the quokka but do no damage.
The quokka is severely wounded.
The quokka barely misses you.
You closely miss the quokka.
The quokka is almost dead.
The quokka barely misses you.
You barely miss the quokka.
The quokka is almost dead.
The quokka bites you.
You miss the quokka.
The quokka is almost dead.
The quokka bites you. x2
You hit the quokka.
You kill the quokka!
You start resting.
HP restored.
Terence shouts!
Terence zaps a wand.
The puff of flame hits you!
Aiming: Sting (safe; 5% risk of failure)
Press: ? - help, Q - select action, (/) - cycle Shift-Dir - straight line, f - Terence
Aim: Terence, wielding a +0 flail, wearing a +0 scale mail and carrying a wand of flame (19) (75% to hit)
The sting hits Terence.
Terence is poisoned.
Terence is lightly wounded.
Terence hits you with a +0 flail!
Aiming: Sting (safe; 5% risk of failure)
Press: ? - help, Q - select action, (/) - cycle Shift-Dir - straight line, f/p - Terence
Aim: Terence, wielding a +0 flail, wearing a +0 scale mail and carrying a wand of flame (19) (lightly wounded, poisoned, 75% to hit)
The sting hits Terence but does no damage.
Terence looks even sicker.
Terence is lightly wounded.
Terence zaps a wand.
The puff of flame hits you.
* * * LOW HITPOINT WARNING * * *
Aiming: Sting (safe; 5% risk of failure)
Press: ? - help, Q - select action, (/) - cycle Shift-Dir - straight line, f/p - Terence
Aim: Terence, wielding a +0 flail, wearing a +0 scale mail and carrying a wand of flame (18) (lightly wounded, very poisoned, 75% to hit)
The sting hits Terence but does no damage.
Terence looks even sicker.
Terence is lightly wounded.
Terence hits you with a +0 flail!
You die...

***## #########,,.#**#
#####.........#.#*.#*
#.........#*#...*.#,**
#.........# *#.#.#**,##
####....)....####@.#* ##.#
...#............@.#.###[###
.#...........####.##.#....#######
...#.........# *.#*#.#..........
#.##.........# *.# #.#...#######
...#†........# *.# #.##.##
.............# *.# #.##.#
....########## *.# #....#
.......# *.# ###### ...###.#
###,*********


You could see Terence (very poisoned).

Vanquished Creatures
  An adder (D:2)
  A worm (D:2)
  A giant cockroach (D:1)
  4 goblins
  3 hobgoblins
  2 quokkas
  A ball python (D:1)
  10 bats
  3 kobolds (D:1)
  2 rats (D:1)
28 creatures vanquished.

Notes
Turn   | Place    | Note
-------+----------+-------------------------------------------
     0 | D:1      | DeathPants the Naga Venom Mage began the quest for the Orb.
     0 | D:1      | Reached XP level 1. HP: 15/15 MP: 3/3
   433 | D:1      | Reached XP level 2. HP: 19/22 MP: 1/5
   436 | D:1      | Learned a level 2 spell: Poisonous Vapours
  1003 | D:1      | Reached skill level 5 in Poison Magic
  1373 | D:2      | Noticed Terence
  1440 | D:2      | Reached XP level 3. HP: 13/28 MP: 2/6
  1729 | D:2      | Slain by Terence

Illustrated notes

Levels and vault maps discovered:
D:1:      tarquinn_simple_flora_water_e, layout_basic, lemuel_flame_loot_1
D:2:      layout_loops_ring, serial_shops, shop, st_stairs_7, uniq_terence
D:3:      layout_basic, kennysheep_generic_room_14

Skill      XL: |  1  2  3 |
---------------+----------+-----
Poison Magic   | 5 |  5.4
Stealth        | 4 |  4.1
Dodging        | |  1.5
Spellcasting   | |  2.0
Transmutations | |  1.0

Action                     || total
---------------------------++-------
  Melee: Short sword       ||    34
   Cast: Sting             ||    41
Ability: Spit Poison       ||     2
    Use: Scroll            ||     6
   Stab: Sleeping          ||     3
 Armour: Robe              ||     8
  Dodge: Dodged            ||    33

Table legend: (Time is in decaauts)
 A = Elapsed time spent in this place.
 B = Non-inter-level travel time spent in this place.
 C = Inter-level travel time spent in this place.
 D = Time resting spent in this place.
 E = Time spent auto-exploring this place.
 F = Levels seen in this place.
 G = Mean time per level.
                   A        B        C        D        E       F      G
               +--------+--------+--------+--------+--------+-----+--------+
         Total |   2099 |   2090 |      9 |    380 |   1321 |   3 |  699.7 |
       Dungeon |   2099 |   2090 |      9 |    380 |   1321 |   3 |  699.7 |
               +--------+--------+--------+--------+--------+-----+--------+

Top non-repeatable levels by time:
     D:1: 1650 daAuts
     D:2: 447 daAuts
     D:3: 1 daAuts
